 Dungeon Crawl Stone Soup version 0.31.0-11-ge490571c62 (webtiles) character file.

Game seed: 5473509005021692112

37 cheburek the Changeling (level 3, 0/43 HPs)
             Began as a Merfolk Shapeshifter on Feb 4, 2024.
             Succumbed to an adder's poison
             ... on level 2 of the Dungeon.
             The game lasted 00:01:17 (531 turns).

cheburek the Changeling (Merfolk Shapeshifter)       Turns: 531, Time: 00:01:17

Health: 0/43       AC: 21    Str: 16    XL:     3   Next: 41%
Magic:  3/3        EV:  2    Int:  9    God:
Gold:   3          SH:  0    Dex: 13    Spells: 2/2 levels left

rFire   . .          .
                       - Unarmed
rCold   . . .        (no shield)
rNeg    . . .        a - melded +0 animal skin
rPois   +            (helmet currently unavailable)
rElec   .            (cloak currently unavailable)
rCorr   .            (gloves currently unavailable)
SInv    .            (boots currently unavailable)
Will    +....        (no amulet)
Stlth   +            (no ring)
HPRegen 0.27/turn    (no ring)
MPRegen 0.08/turn

%: no passive effects
@: mighty, lethally poisoned (0 -> -4), tree-form, enlightened
A: stationary, stasis, torment immunity, boosted hp, (nimble swimmer 2),
(mertail)
a: no special abilities


You were on level 2 of the Dungeon.
You were a tree.
You visited 1 branch of the dungeon, and saw 2 of its levels.

You collected 3 gold pieces.

Inventory:

Armour
 a - a +0 animal skin (melded)
Talismans
 c - a beast talisman
 d - a flux talisman
Scrolls
 f - a scroll of fog


   Skills:
 * Level 3.4 Fighting
 - Level 3.0 Dodging
 - Level 3.2 Unarmed Combat
 - Level 4.0 Shapeshifting


You had 2 spell levels left.
You didn't know any spells.
Your spell library contained the following spells:

 Spells                   Type           Power      Damage    Failure   Level
 Slow                     Hex            0%         N/A       38%         1
 Confusing Touch          Hex            0%         N/A       77%         3
 Sigil of Binding         Hex            0%         N/A       77%         3
 Vampiric Draining        Necr           0%         2d6       77%         3


Dungeon Overview and Level Annotations

Branches:
Dungeon (1/15)

Altars:


Innate Abilities, Weirdness & Mutations

You are a tree.
Your roots penetrate the ground, keeping you stationary.
You cannot be teleported.
You are immune to unholy pain and torment.
Your maximum health is greatly increased.
Your equipment is partially melded.
((You are very nimble when in or above water. (Stealth+, EV+, Speed+++)))
((Your lower body shifts to a powerful aquatic tail in water.))


Message History

Your transformation has ended.
You turn into a tree.
Your +0 animal skin melds into your body.
Your roots penetrate the ground.
You feel sick.
The giant cockroach bites you but does no damage.
The adder bites you.
You are more poisoned.
The adder poisons you!
The giant cockroach bites you but does no damage.
The endoplasm quivers.
You smack the adder!
You kill the adder!
* * * LOW HITPOINT WARNING * * *
You feel very sick.
The giant cockroach waves its antennae.
The giant cockroach bites you but does no damage.
It was a potion of enlightenment.
Your roots keep you in place.
* * * LOW HITPOINT WARNING * * *
You feel very sick. The giant cockroach barely misses you.
It was a potion of might.
You feel very mighty all of a sudden.
* * * LOW HITPOINT WARNING * * *
You feel sick.
The giant cockroach bites you but does no damage.
You pummel the giant cockroach!!
You kill the giant cockroach!
* * * LOW HITPOINT WARNING * * *
You feel sick. The endoplasm freezes you.
You are frozen.
* * * LOW HITPOINT WARNING * * *
You pummel the endoplasm!!
You kill the endoplasm!
* * * LOW HITPOINT WARNING * * *
You feel sick.
As you read the scroll labelled BIRROI OGOTI, it crumbles to dust.
It is a scroll of identify.
f - a scroll of fog You die...

.#. .. .. ..
####.#### #.
#........ . .
#.......# .# #..
#.......##.#...#
#....††...#
##.♣†...#
####.)##......
#....## ..###
###.#### ##
#...#####
##......#######
######........
#########


There were no monsters in sight!

Vanquished Creatures
  An adder (D:2)
  A dart slug (D:1)
  4 endoplasms
  A giant cockroach (D:2)
  3 goblins
  5 jackals
  A quokka (D:1)
  5 ball pythons (D:1)
  A frilled lizard (D:2)
  3 rats
25 creatures vanquished.

Notes
Turn   | Place    | Note
-------+----------+-------------------------------------------
     0 | D:1      | cheburek the Merfolk Shapeshifter began the quest for the
                  | Orb.
     0 | D:1      | Reached XP level 1. HP: 15/15 MP: 1/1
   156 | D:1      | Reached XP level 2. HP: 15/22 MP: 2/2
   500 | D:1      | You fall into a shaft and drop 1 floor!
   518 | D:2      | Reached XP level 3. HP: 24/29 MP: 3/3
   529 | D:2      | HP: 2/43 [frozen (4)]
   531 | D:2      | Succumbed to an adder's poison

Illustrated notes

Levels and vault maps discovered:
D:1:      dpeg_arrival_rooms_b, layout_basic, serial_shops, shop
D:2:      minmay_spotlight, layout_rooms, serial_shops, shop, st_stairs_2

Skill      XL: |  1  2 |
---------------+-------+-----
Dodging        | 3 |  3.0
Fighting       | 3 |  3.4
Unarmed Combat | |  3.2
Shapeshifting  | |  4.0

Action                     || total
---------------------------++-------
  Melee: Unarmed           ||    57
         Punch             ||     2
    Use: Potion            ||     3
         Scroll            ||     1
   Stab: Sleeping          ||     1
 Armour: Animal skin       ||    33
         Skin              ||     5
  Dodge: Dodged            ||    31
